 Dungeon Crawl Stone Soup version 0.22-a0-614-g34fbaa0 (webtiles) character file.

109 spacecwb the Skirmisher (level 4, -13/43 HPs)
             Began as a Gargoyle Monk on July 15, 2018.
             Killed by divine providence
             ... invoked by an orc priest
              (15 damage)
             ... on level 3 of the Dungeon.
             The game lasted 00:05:59 (2307 turns).

spacecwb the Skirmisher (Gargoyle Monk)             Turns: 2307, Time: 00:06:00

Health: -13/43     AC: 22    Str: 15    XL:     4   Next: 90%
Magic:  4/4        EV:  2    Int: 11    God:
Gold:   116        SH:  0    Dex: 12    Spells: 3/3 levels left

rFire    . . .     SeeInvis .   a - +0 mace
rCold    . . .     Gourm    .   (no shield)
rNeg     + + +     Faith    .   (armour currently unavailable)
rPois    ∞         Spirit   .   (helmet currently unavailable)
rElec    .         Reflect  .   (cloak currently unavailable)
rCorr    .         Harm     .   (gloves currently unavailable)
MR       .....     NoTele   +   (boots currently unavailable)
Stlth    ++........             (no amulet)
HPRegen  0.14/turn              (no ring)
MPRegen  0.09/turn              (no ring)

@: tree-form, hasted, very quick
A: blurry vision 1, negative energy resistance 1, petrification resistance, rot
immunity, MP-powered wands, AC +3
a: no special abilities


You were on level 3 of the Dungeon.
You were not hungry.
You were a tree.
You visited 1 branch of the dungeon, and saw 3 of its levels.

You collected 116 gold pieces.

Inventory:

Hand Weapons
 a - a +0 mace (weapon)
Armour
 b - a +0 robe
 e - a +2 pair of boots (melded)
 k - a +0 ring mail (melded)
 r - a +0 ring mail
Wands
 l - a wand of flame (20)
Scrolls
 f - a scroll of teleportation
 g - 4 scrolls of remove curse {@r2}
 h - 2 scrolls of identify {@r1}
 i - a scroll of immolation {unknown}
 p - a scroll of blinking {unknown}
 q - a scroll of noise {unknown}
Potions
 d - 2 potions of magic
Comestibles
 c - 6 rations


   Skills:
 * Level 4.0 Fighting
 * Level 3.7 Maces & Flails
 + Level 0.5 Armour
 * Level 3.0 Dodging
 + Level 3.3 Stealth


You had 3 spell levels left.
You didn't know any spells.
Your spell library was empty.

Dungeon Overview and Level Annotations

Branches:
Dungeon (3/15)

Altars:
Yredelemnul


Innate Abilities, Weirdness & Mutations

You are resistant to torment.
((Your stone body is resilient. (AC +3)))
You are immune to poison.
You resist negative energy. (rN+)
((You are resistant to electric shocks. (rElec)))
((You can survive without breathing.))
You are immune to petrification.
You are immune to rotting.
Scrolls take you a little longer to read.
You expend magic power (3 MP) to strengthen your wands.


Message History

It was a potion of mutation.
You feel extremely strange.
Your vision blurs.
You feel your magical essence link to your wands.
The orc barely misses you.
It was a potion of lignification.
You turn into a tree.
Your +2 pair of boots melds into your body.
Your +0 ring mail melds into your body.
Your roots penetrate the ground.
You hit the orc.
You kill the orc!
The bat barely misses you. The bat hits you.
* * * LOW HITPOINT WARNING * * *
You closely miss the bat. The bat barely misses you.
You cannot move.
It was a potion of haste.
You feel yourself speed up. The bat hits you but does no damage.
Really read with blurry vision while enemies are nearby?
Okay, then.
The orc priest calls down the wrath of Beogh upon you.
Beogh smites you!
You die... # #.#.###.#... # ....#...#.. # #.##...... # #.# ....! # #.# .S.. # # #.# #oo

#.# #.# #b# #.. #♣# #.# ###
#.#b###.# #..o....#########
..........#.#.##...........
.#.⌠.⌠.#...###.##...########
...........#........#
#.....#...#.#.###..#######
..........#.#......#.....#
#.........#.....##.###.#


You could see an orc priest and a bat.

Vanquished Creatures
  Robin (D:2)
  3 adders
  An ooze (D:1)
  2 worms
  2 dart slugs (D:1)
  A leopard gecko (D:1)
  2 orcs (D:3)
  A ball python (D:1)
  2 bats
  3 giant cockroaches
  12 goblins
  9 hobgoblins
  2 jackals (D:2)
  3 frilled lizards
  4 kobolds
  7 rats
55 creatures vanquished.

Notes
Turn   | Place    | Note
-------+----------+-------------------------------------------
     0 | D:1      | spacecwb the Gargoyle Monk began the quest for the Orb.
     0 | D:1      | Reached XP level 1. HP: 14/14 MP: 1/1
   111 | D:1      | Reached XP level 2. HP: 19/19 MP: 2/2
   788 | D:2      | Reached XP level 3. HP: 23/23 MP: 3/3
   821 | D:2      | Noticed Robin
  1205 | D:2      | Killed Robin
  1205 | D:2      | Reached XP level 4. HP: 15/29 MP: 4/4
  1673 | D:2      | Reached skill level 4 in Fighting
  1797 | D:2      | Found a basalt altar of Yredelemnul.
  1928 | D:3      | Found a faded altar of an unknown god.
  2295 | D:3      | HP: 1/29 [orc/war axe (6)]
  2296 | D:3      | Gained mutation: Scrolls take you a little longer to read. [potion of mutation]
  2296 | D:3      | Gained mutation: You expend magic power (3 MP) to strengthen your wands. [potion of mutation]
  2304 | D:3      | HP: 2/43 [bat (1)]
  2307 | D:3      | Killed from afar by an orc priest

Vault maps used:
D:1:      dpeg_arrival_water_altar
D:2:      nicolae_overflow_hidden_temple, minmay_pentomino_r4, uniq_robin
D:3:      chequers_ecumenical_altar_simple_redux, elyvilon_altar_5

Skill      XL: |  1  2  3  4 |
---------------+-------------+-----
Stealth        | 3 |  3.3
Dodging        | 3 |  3.0
Fighting       | 4 |  4.0
Maces & Flails | |  3.7
Armour         | |  0.5

Action                   |  1- 3 |  4- 6 || total
-------------------------+-------+-------++-------
Melee: Mace              |    97 |   125 ||   222
  Use: Scroll            |     3 |     1 ||     4
       Potion            |     2 |     3 ||     5
 Stab: Sleeping          |     3 |     1 ||     4
  Eat: Ration            |     1 |       ||     1
       Chunk             |       |     1 ||     1
Armor: Robe              |    38 |    26 ||    64
       Ring mail         |       |    35 ||    35
       Skin              |       |     1 ||     1
Dodge: Dodged            |   123 |   108 ||   231

Table legend:
 A = Spawn XP
 B = Non-spawn XP
 C = Spawn XP percentage of total XP
 D = Spawn monster count
 E = Non-spawn monster count
 F = Spawn count percentage of total count
 G = Total turns spent on level
                    A         B        C        D         E        F      G
               +---------+---------+-------+---------+---------+-------+---------
         Total |       0 |     157 |   0.0 |       0 |      55 |   0.0 |  2307
               +---------+---------+-------+---------+---------+-------+---------
           D:1 |       0 |      33 |   0.0 |       0 |      15 |   0.0 |   766
           D:2 |       0 |      89 |   0.0 |       0 |      29 |   0.0 |  1162
           D:3 |       0 |      35 |   0.0 |       0 |      11 |   0.0 |   379
               +---------+---------+-------+---------+---------+-------+---------
